 Dungeon Crawl Stone Soup version 0.30-a0-986-g7f2e898f52 (webtiles) character file.

Game seed: 8993554827235144749

280 cforsyth the Shield-Bearer (level 6, 0/49 HPs)
             Began as a Formicid Fighter on Apr 1, 2023.
             Slain by Pikel
             ... wielding a +0 whip of freezing
              (4 damage)
             ... on level 4 of the Dungeon.
             The game lasted 00:06:22 (3778 turns).

cforsyth the Shield-Bearer (Formicid Fighter)       Turns: 3778, Time: 00:06:23

Health: 0/49       AC:  9    Str: 23    XL:     6   Next: 52%
Magic:  6/6        EV:  7    Int:  7    God:
Gold:   121        SH:  5    Dex: 13    Spells: 5/5 levels left

rFire   . . .      SeeInvis +    a - +0 flail
rCold   . . .      Faith    .    c - +0 buckler
rNeg    . . .      Spirit   .    l - +0 chain mail
rPois   .          Reflect  .    (helmet unavailable)
rElec   .          Rampage  .    (no cloak)
rCorr   .                        (no gloves)
Will    .....                    (no boots) Stlth
                                 (no amulet)
HPRegen 0.28/turn                (no ring)
MPRegen 0.10/turn                (no ring)

@: mighty
A: permanent stasis, dig shafts and tunnels, antennae 3, four strong arms
a: Dig, Shaft Self


You were on level 4 of the Dungeon.
You visited 1 branch of the dungeon, and saw 4 of its levels.

You collected 166 gold pieces.
You spent 45 gold pieces at shops.

Inventory:

Hand Weapons
 a - a +0 flail (weapon)
Armour
 b - a +0 scale mail
 c - a +0 buckler (worn)
 l - a +0 chain mail (worn)
Jewellery
 e - a ring of ice
 v - the ring of Voaxze {Fire rCorr Int+6}
   (You found it on level 3 of the Dungeon)

   [ring of fire]

   It enhances your fire magic.
   Int:       It affects your intelligence (+6).
   rF:        It protects you from fire.
   rC:        It makes you vulnerable to cold.
   rCorr:     It protects you from acid and corrosion.
Wands
 t - a wand of roots (10)
Scrolls
 g - 2 scrolls of silence {unknown}
 h - a scroll of enchant weapon {unknown}
 i - 2 scrolls of poison {unknown}
 m - 4 scrolls of fear {unknown}
 n - a scroll of fog {unknown}
 o - 2 scrolls of blinking {unknown}
 p - 3 scrolls of teleportation {unknown}
 q - 2 scrolls of noise {unknown}
 r - a scroll of vulnerability {unknown}
 s - a scroll of amnesia {unknown}
 u - a scroll of magic mapping {unknown}
 w - 2 scrolls of immolation {unknown}
 x - 3 scrolls of identify {unknown}
 y - a scroll of brand weapon {unknown}
Potions
 f - 2 potions of magic {unknown}
 j - a potion of degeneration {unknown}
 k - 2 potions of curing
 z - a potion of haste {unknown}


   Skills:
 + Level 4.7 Fighting
 + Level 3.5 Maces & Flails
 + Level 4.7 Armour
 + Level 5.6 Shields


You had 5 spell levels left.
You didn't know any spells.
Your spell library contained the following spells:

 Spells                   Type           Power      Damage    Failure   Level
 Cigotuvi's Dreadful Rot  Necr/Pois/Air  0%         N/A       99%         2
 Poisonous Vapours        Pois/Air       0%         N/A       99%         2
 Mephitic Cloud           Conj/Pois/Air  0%         N/A       100%        3


Dungeon Overview and Level Annotations

Branches:
Dungeon (4/15)
 Temple: D:4-7

Altars:
Vehumet

Shops:
D:2 *

Annotations:
D:4 Pikel


Innate Abilities, Weirdness & Mutations

You cannot be hasted, slowed, berserked, paralysed or teleported.
You can dig through walls and to a lower floor.
You have a pair of large antennae on your head. (SInv)
Your four strong arms can wield two-handed weapons with a shield.


Message History

You closely miss Pikel.
Pikel is moderately wounded.
The lemure shouts!
You block Pikel's attack.
You barely miss Pikel.
Pikel is moderately wounded.
You block Pikel's attack.
You hit Pikel.
Pikel is heavily wounded.
Pikel hits you with a +0 whip of freezing.
Pikel freezes you.
You closely miss Pikel.
Pikel is heavily wounded.
You block Pikel's attack.
You sock Pikel!
Pikel is severely wounded.
Pikel hits you with a +0 whip of freezing.
Pikel freezes you. The lemure barely misses you. The lemure closely misses you.
You block Pikel's attack.
You thump Pikel!
Pikel is almost dead.
The lemure hits you.
Pikel hits you with a +0 whip of freezing.
Pikel freezes you.
You closely miss Pikel.
Pikel is almost dead.
Pikel barely misses you. The lemure barely misses you.
You hit Pikel but do no damage.
Pikel is almost dead.
Pikel closely misses you. The lemure hits you but does no damage.
Pikel hits you with a +0 whip of freezing.
* * * LOW HITPOINT WARNING * * *
Pikel freezes you.
* * * LOW HITPOINT WARNING * * *
The lemure hits you.
* * * LOW HITPOINT WARNING * * *
You hit Pikel but do no damage.
Pikel is almost dead.
Pikel hits you with a +0 whip of freezing.
You die...

#.##...#.#(#######.#
#.##...#.#.#######.#
#.##...............#
#...#..#.#.#########
+...+....K....# #..
#.#..#.##.########
#.
#.#..#.##........#
##
#.#..#.....5.....#
...........K@....+
?.#..#####.......#
.... #.......# .
#.......# #########


You could see Pikel and a lemure.

Vanquished Creatures
  3 lemures
  A phantom (D:4)
  A jelly (D:3)
  A sleepcap (D:4)
  6 adders
  3 worms
  5 dart slugs
  5 orcs (D:3)
  7 bats
  8 endoplasms
  2 giant cockroaches
  5 goblins
  8 hobgoblins
  4 quokkas
  3 ball pythons
  2 frilled lizards (D:1)
  9 kobolds
  3 rats (D:1)
76 creatures vanquished.

Vanquished Creatures (others)
  4 plants (D:2)
4 creatures vanquished.

Grand Total: 80 creatures vanquished

Notes
Turn   | Place    | Note
-------+----------+-------------------------------------------
     0 | D:1      | cforsyth the Formicid Fighter began the quest for the Orb.
     0 | D:1      | Reached XP level 1. HP: 18/18 MP: 1/1
   201 | D:1      | Reached XP level 2. HP: 24/24 MP: 2/2
   464 | D:1      | Reached XP level 3. HP: 29/29 MP: 3/3
  1050 | D:2      | Found Dozac's Assorted Antiques.
  1055 | D:2      | Bought a scroll labelled GIRUUGG BEWA for 24 gold pieces
  1055 | D:2      | Bought a black potion for 21 gold pieces
  1158 | D:2      | Reached XP level 4. HP: 30/37 MP: 4/4
  1726 | D:3      | Reached XP level 5. HP: 40/42 MP: 5/5
  1824 | D:3      | Reached skill level 5 in Shields
  1900 | D:3      | Identified the ring of Voaxze {Fire rCorr Int+6}
  2432 | D:3      | Identified the +0 ring mail "Coliebli" {rC+ Will+}
  2617 | D:4      | Noticed a lemure
  2617 | D:4      | Noticed a lemure
  2617 | D:4      | Noticed Pikel
  2619 | D:4      | Noticed a lemure
  2641 | D:4      | Noticed a lemure
  2956 | D:4      | Noticed a phantom
  2971 | D:4      | Killed a phantom
  2972 | D:4      | Reached XP level 6. HP: 36/49 MP: 6/6
  3307 | D:4      | Found a radiant altar of Vehumet.
  3489 | D:3      | HP: 2/49 [lemure[Pikel] (7)]
  3778 | D:4      | Slain by Pikel

Illustrated notes

Levels and vault maps discovered:
D:1:      psy_arrival_basics, layout_loops_ring
D:2:      layout_loops_ring, serial_bayou, serial_bayou_lagoon_a,
          serial_bayou_pond_e, serial_bayou_crossing, serial_bayou_pond_d,
          serial_shops, nicolae_shop_hallway_plus, st_stairs_9
D:3:      layout_basic, hangedman_decor_points, minmay_pentangle
D:4:      layout_basic, mainiacjoe_overflow_six_doors_small,
          lemuel_coloured_pillars_altar, mainiacjoe_overflow_catwalk, uniq_pikel

Skill      XL: |  1  2  3  4  5 |
---------------+----------------+-----
Fighting       | 4 |  4.7
Armour         | 4 |  4.7
Maces & Flails | 3 |  3.5
Shields        | 5 |  5.6

Action                     |  1- 3 |  4- 6 || total
---------------------------+-------+-------++-------
  Melee: Flail             |   102 |   218 ||   320
    Use: Potion            |       |     5 ||     5
 Armour: Scale mail        |    64 |    85 ||   149
         Chain mail        |       |     1 ||     1
  Dodge: Dodged            |    52 |    95 ||   147
  Block: Buckler           |    38 |    56 ||    94

Table legend: (Time is in decaauts)
 A = Elapsed time spent in this place.
 B = Non-inter-level travel time spent in this place.
 C = Inter-level travel time spent in this place.
 D = Time resting spent in this place.
 E = Time spent auto-exploring this place.
 F = Levels seen in this place.
 G = Mean time per level.
                   A        B        C        D        E       F      G
               +--------+--------+--------+--------+--------+-----+--------+
         Total |   3892 |   3854 |     38 |    521 |   2472 |   4 |  973.0 |
       Dungeon |   3892 |   3854 |     38 |    521 |   2472 |   4 |  973.0 |
               +--------+--------+--------+--------+--------+-----+--------+

Top non-repeatable levels by time:
     D:3: 1570 daAuts
     D:1: 911 daAuts
     D:2: 852 daAuts
     D:4: 558 daAuts
